 Dungeon Crawl Stone Soup version 0.18-a0-1800-gdc7a371 (webtiles) character file.

186 TheGoonsmith the Magician (level 5, -2/28 HPs)
             Began as a Deep Elf Wizard on Apr 25, 2016.
             Was a Follower of Kikubaaqudgha.
             Killed from afar by Sigmund (7 damage)
             ... with a puff of flame
             ... on level 3 of the Dungeon.
             The game lasted 00:04:39 (2927 turns).

TheGoonsmith the Magician (Deep Elf Wizard)         Turns: 2927, Time: 00:04:39

Health: -2/28      AC:  2    Str:  4    XL:     5   Next: 38%
Magic:  4/15       EV: 13    Int: 23    God:    Kikubaaqudgha [*.....]
Gold:   177        SH:  0    Dex: 14    Spells: 5 memorised, 4 levels left

rFire  . . .     SeeInvis .     v - +1 short sword (drain)
rCold  . . .     Gourm    .     a - +0 robe
rNeg   . . .     Faith    .     (no shield)
rPois  .         Spirit   .     b - +0 hat
rElec  .         Dismiss  .     (no cloak)
rCorr  .         Reflect  .     (no gloves)
SustAt .         Harm     .     (no boots)
MR     .....                    (no amulet)
Stlth  ++........               (no ring)
                                (no ring)

@: very slightly contaminated, repel missiles, not resistant to hostile
enchantments, unstealthy
A: no striking features
a: Receive Corpses, Renounce Religion


You were on level 3 of the Dungeon.
You worshipped Kikubaaqudgha.
Kikubaaqudgha was aware of your devotion.
You were very hungry.

You visited 1 branch of the dungeon, and saw 3 of its levels.

You collected 177 gold pieces.

Inventory:

Hand Weapons
 f - a +1 mace of holy wrath
 v - a +1 short sword of draining (weapon)
Armour
 a - a +0 robe (worn)
 b - a +0 hat (worn)
Jewellery
 i - an uncursed ring of stealth {unknown}
 u - an uncursed amulet of guardian spirit {unknown}
Scrolls
 e - 2 scrolls of blinking {unknown}
 l - a scroll of recharging {unknown}
 o - a scroll of enchant weapon {unknown}
 p - 2 scrolls of remove curse {unknown}
 s - 2 scrolls of identify {unknown}
 t - a scroll of fog {unknown}
Potions
 g - a potion of flight {unknown}
 h - 3 potions of curing {unknown}
 k - 2 potions of might {unknown}
 q - a potion of lignification {unknown}
Books
 c - a book of Minor Magic

   Spells                             Type                      Level
   a - Magic Dart                     Conjuration                  1
   b - Blink                          Translocation                2
   c - Call Imp                       Summoning                    2
   d - Repel Missiles                 Charms/Air                   2
   e - Slow                           Hexes                        2
   f - Conjure Flame                  Conjuration/Fire             3
   g - Mephitic Cloud                 Conjuration/Poison/Air       3
 x - Kikubaaqudgha's Disquisition on Necromancy
   (Kikubaaqudgha gifted it to you on level 3 of the Dungeon)

   Spells                             Type                      Level
   a - Pain                           Necromancy                   1
   b - Corpse Rot                     Necromancy                   2
   c - Sublimation of Blood           Necromancy                   2
   d - Vampiric Draining              Necromancy                   3
   e - Control Undead                 Necromancy                   4
Comestibles
 d - 4 bread rations
 j - a royal jelly
 m - a meat ration
 n - 2 fruits
 w - a slice of pizza


   Skills:
 - Level 2.4 Dodging
 - Level 2.4 Stealth
 + Level 5.6 Spellcasting
 - Level 5.0 Conjurations
   Level 1.1 Summonings
 - Level 1.1 Translocations


You had 4 spell levels left.
You knew the following spells:

 Your Spells              Type           Power        Failure   Level  Hunger
a - Magic Dart            Conj           ####         1%          1    None
b - Blink                 Tloc           N/A          10%         2    None
c - Conjure Flame         Conj/Fire      ###.....     12%         3    #......
r - Repel Missiles        Chrm/Air       #.....       17%         2    None
x - Mephitic Cloud        Conj/Pois/Air  ##......     14%         3    #......


Dungeon Overview and Level Annotations

Branches:
Dungeon (3/15)

Altars:
Ashenzari
Elyvilon
Gozag
Kikubaaqudgha
Ru
Vehumet

Annotations:
D:3 Sigmund


Message History

Things that are here:
a short sword; a kobold corpse
Things that are here:
a stone; a flail; a leather armour You bump into the rock wall.
You feel less confused. Something hits you. Something freezes you.
Casting: Mephitic Cloud
Confirm with . or Enter, or press ? or * to list all spells.
Aiming: Mephitic Cloud
Press: ? - help, Shift-Dir - straight line The ball explodes into a vile cloud!
The stinking cloud engulfs something.
Something hits you!
* * * LOW HITPOINT WARNING * * *
Something freezes you.
* * * LOW HITPOINT WARNING * * *
A puff of flame appears from out of thin air!
The puff of flame hits you!
You die...
Kikubaaqudgha rasps: "You have failed me!
Welcome... death!"

##..###.......#
#.......###.#.#
##...###.# #.#.#
#.....##.# #.#.#
##.{.###.###.#.#
#######......)......#
.........############
########.# #@# #.#
#######.#
........####
.#####..##.# #.(..#..
#.#####...###.#
#....(...## #.#######
.###...## ##......#


There were no monsters in sight!

Vanquished Creatures
  2 orc wizards (D:3)
  3 adders
  An ooze (D:2)
  A worm (D:3)
  A dart slug (D:1)
  4 giant geckos
  6 orcs (D:3)
  A ball python (D:1)
  2 giant cockroaches (D:1)
  3 goblins
  6 hobgoblins
  9 jackals
  12 kobolds
  A quokka (D:2)
  7 bats
  A giant newt (D:2)
  3 rats
63 creatures vanquished.

Vanquished Creatures (others)
  An orc wizard (D:3)
1 creature vanquished.

Grand Total: 64 creatures vanquished

Notes
Turn   | Place    | Note
--------------------------------------------------------------
     0 | D:1      | TheGoonsmith the Deep Elf Wizard began the quest for the Orb.
     0 | D:1      | Reached XP level 1. HP: 10/10 MP: 7/7
   218 | D:1      | Reached XP level 2. HP: 5/15 MP: 1/9
   951 | D:1      | Reached XP level 3. HP: 19/19 MP: 1/11
  1032 | D:1      | Learned a level 3 spell: Mephitic Cloud
  1036 | D:1      | Learned a level 3 spell: Conjure Flame
  1039 | D:1      | Learned a level 2 spell: Blink
  1042 | D:1      | Learned a level 2 spell: Repel Missiles
  1323 | D:2      | Found a shattered altar of Ashenzari.
  1323 | D:2      | Found a sacrificial altar of Ru.
  1353 | D:2      | Found an ancient bone altar of Kikubaaqudgha.
  1393 | D:2      | Found a white marble altar of Elyvilon.
  1453 | D:2      | Found an opulent altar of Gozag.
  1517 | D:2      | Became a worshipper of Kikubaaqudgha
  1931 | D:2      | Found a radiant altar of Vehumet.
  1962 | D:2      | Reached skill level 5 in Spellcasting
  2021 | D:2      | Reached XP level 4. HP: 24/24 MP: 9/13
  2529 | D:3      | Reached * piety under Kikubaaqudgha
  2529 | D:3      | Received a gift from Kikubaaqudgha
  2534 | D:3      | Identified Kikubaaqudgha's Disquisition on Necromancy (Kikubaaqudgha gifted it to you on level 3 of the Dungeon)
  2729 | D:3      | Noticed Sigmund
  2794 | D:3      | Reached XP level 5. HP: 28/28 MP: 3/15
  2807 | D:3      | Reached skill level 5 in Conjurations
  2927 | D:3      | Killed from afar by Sigmund

Vault maps used:
D:1:      moated_graveyard_arrival
D:2:      lemuel_doored_altar, nicolae_gozag_cash_rules_everything_around_me,
          vehumet_crystals, kiku_gazebo_garden_becter,
          gammafunk_temple_overflow_wave, first_bread
D:3:      ecumenical_altar_2, uniq_sigmund

Skill      XL: |  1  2  3  4  5 |
---------------+----------------+-----
Conjurations   | 2 3 4 5 |  5.0
Spellcasting   | 5 |  5.6
Dodging        | |  2.4
Stealth        | |  2.4
Summonings     | |  1.1
Translocations | |  1.1

Action                   |  1- 3 |  4- 6 || total
-------------------------+-------+-------++-------
Melee: Mace              |     1 |       ||     1
       Short sword       |       |    29 ||    29
 Cast: Magic Dart        |    98 |    55 ||   153
       Repel Missiles    |     1 |       ||     1
       Mephitic Cloud    |       |     3 ||     3
  Eat: Chunk             |     3 |     2 ||     5
Armor: Robe              |     2 |     2 ||     4
Dodge: Dodged            |    12 |    13 ||    25
       Deflected         |       |     2 ||     2
